 Dungeon Crawl Stone Soup version 0.21-a0-71-g5e5ddd2 (webtiles) character file.

104 HAL9000 the Chucker (level 4, -4/45 HPs)
             Began as an Ogre Hunter on June 19, 2017.
             Killed by divine providence
             ... invoked by an orc priest
              (12 damage)
             ... on level 3 of the Dungeon.
             The game lasted 00:04:54 (2833 turns).

HAL9000 the Chucker (Ogre Hunter)                   Turns: 2833, Time: 00:04:55

Health: -4/45      AC:  3    Str: 17    XL:     4   Next: 80%
Magic:  4/4        EV: 14    Int: 12    God:
Gold:   87         SH:  0    Dex:  9    Spells: 3/3 levels left

rFire    . . .     SeeInvis .   m - +2 short sword (freeze)
rCold    . . .     Gourm    .   (no shield)
rNeg     . . .     Faith    .   b - +0 robe
rPois    .         Spirit   .   (helmet restricted)
rElec    .         Reflect  .   (no cloak)
rCorr    .         Harm     .   (gloves unavailable)
MR       .....                  (boots unavailable)
Stlth    +.........             (no amulet)
HPRegen  0.15/turn              s - +4 ring of evasion
MPRegen  0.09/turn              (no ring)

@: no status effects
A: unfitting armour, tough skin 1
a: no special abilities


You were on level 3 of the Dungeon.
You were not hungry.

You visited 1 branch of the dungeon, and saw 3 of its levels.

You collected 87 gold pieces.

Inventory:

Hand Weapons
 k - a +0 club
 m - a +2 short sword of freezing (weapon)
Missiles
 c - 4 large rocks (quivered)
 d - 2 throwing nets
Armour
 b - a +0 robe (worn)
Jewellery
 s - a +4 ring of evasion (left hand)
Scrolls
 g - 3 scrolls of enchant weapon {unknown}
 j - 5 scrolls of identify {unknown}
 o - a scroll of fog {unknown}
 p - a scroll of fear {unknown}
 r - 5 scrolls of teleportation {unknown}
 t - a scroll of magic mapping {unknown}
 w - a scroll of immolation {unknown}
 x - a scroll of enchant armour {unknown}
 y - a scroll of amnesia {unknown}
Potions
 h - a potion of might {unknown}
 i - 2 potions of heal wounds {unknown}
 n - a potion of lignification {unknown}
 u - a potion of brilliance {unknown}
Books
 z - a book of Beasts

   Spells                             Type                      Level
   a - Summon Butterflies             Summoning                    1
   b - Call Canine Familiar           Summoning                    3
   c - Summon Ice Beast               Ice/Summoning                4
   d - Summon Mana Viper              Hexes/Summoning              5
   e - Summon Hydra                   Summoning                    7
Comestibles
 f - 3 bread rations
 l - a fruit
 q - a royal jelly


   Skills:
 - Level 3.0 Fighting
 + Level 3.7 Maces & Flails
 - Level 4.0 Throwing
 - Level 1.7 Dodging
 - Level 0.6 Stealth


You had 3 spell levels left.
You didn't know any spells.

Dungeon Overview and Level Annotations

Branches:
Dungeon (3/15)

Altars:
Dithmenos


Innate Abilities, Weirdness & Mutations

You are too large for most types of armour.
You have tough skin. (AC +1)


Message History

The orc priest is lightly wounded.
Something hits you but does no damage.
The orc priest invokes the aid of Beogh against you.
Beogh smites you! Something hits you.
* * * LOW HITPOINT WARNING * * *
You hit the orc priest but do no damage.
The orc priest is lightly wounded.
The orc priest misses you. Something hits you but does no damage.
Unknown command.
Okay, then.
Unknown command.
You hit the orc priest. You freeze the orc priest.
The orc priest is heavily wounded.
The orc priest closely misses you. Something hits you.
* * * LOW HITPOINT WARNING * * *
You closely miss the orc priest.
The orc priest is heavily wounded.
The orc priest invokes the aid of Beogh against you.
Beogh smites you!
You die...

.)(........## ##.....#
###(.......# #......#
#........# #.#....#
#.(......# #.###### ##
#####.#..######.# ...
##...........# ..>.
......#...#### .....
###.#...#.{#####....?.
#.(......(@o.........
#..#.#######......(..
#... #.# ####......
#.# #..# #..... #
..... #.... ........
#### ###........
#..#.#... ...#.#...


You could see an orc priest.

Vanquished Creatures
  2 adders
  An ooze (D:3)
  A worm (D:3)
  2 dart slugs
  2 leopard geckos
  5 orcs (D:3)
  7 bats
  6 giant cockroaches
  9 hobgoblins
  2 jackals (D:3)
  6 kobolds
  2 quokkas
  A ball python (D:1)
  6 frilled lizards (D:2)
  8 goblins
  5 rats
65 creatures vanquished.

Notes
Turn   | Place    | Note
-------+----------+-------------------------------------------
     0 | D:1      | HAL9000 the Ogre Hunter began the quest for the Orb.
     0 | D:1      | Reached XP level 1. HP: 22/22 MP: 1/1
   265 | D:1      | Reached skill level 1 in Maces & Flails
   544 | D:1      | Reached XP level 2. HP: 31/31 MP: 2/2
  1394 | D:2      | Reached XP level 3. HP: 37/37 MP: 3/3
  1879 | D:2      | Found a shadowy altar of Dithmenos.
  2317 | D:2      | Reached XP level 4. HP: 45/45 MP: 4/4
  2833 | D:3      | Killed from afar by an orc priest

Vault maps used:
D:1:      shiori_arrival_elements, serial_co_window_serial, co_window_cross_1,
          co_window_corner_a, co_window_of_opportunity_a,
          co_window_of_opportunity_a, co_window_paths_a,
          co_window_unsneaky_path_d, co_window_of_opportunity_c,
          co_window_broadway_b, co_window_corner_cb, co_window_corner_b,
          co_window_of_opportunity_b, co_window_of_opportunity_c,
          co_window_paths_e, glass_columns_c, glass_columns_b, glass_columns_b,
          glass_columns_a, minmay_misc_feat_room
D:2:      nicolae_dithmenos_shadow_blocks, serial_bayou, serial_bayou_shore_a,
          serial_bayou_lagoon_a, serial_bayou_pond_a, serial_bayou_shore_b

Skill      XL: |  1  2  3 |
---------------+----------+-----
Fighting       | 3 |  3.0
Maces & Flails | 1 2 3 |  3.7
Throwing       | |  4.0
Dodging        | |  1.7
Stealth        | |  0.6

Action                   |  1- 3 |  4- 6 || total
-------------------------+-------+-------++-------
Melee: Short sword       |   155 |    69 ||   224
Throw: Large rock        |       |     2 ||     2
 Stab: Sleeping          |     1 |       ||     1
  Eat: Chunk             |     4 |     2 ||     6
Armor: Robe              |    52 |    16 ||    68
Dodge: Dodged            |    95 |    87 ||   182
